 Dungeon Crawl Stone Soup version 0.30-a0-34-gbe8da3892a (webtiles) character file.

Game seed: 15688029266608213249

50 ytrimaz the Insei (level 3, -1/23 HPs)
             Began as an Octopode Transmuter on Aug 28, 2022.
             Slain by a gnoll
             ... wielding a +0 spear
              (7 damage)
             ... on level 2 of the Dungeon.
             The game lasted 00:01:46 (1361 turns).

ytrimaz the Insei (Octopode Transmuter)             Turns: 1361, Time: 00:01:47

Health: -1/23      AC:  2    Str:  9    XL:     3   Next: 79%
Magic:  3/6        EV: 19    Int: 17    God:
Gold:   35         SH:  0    Dex: 17    Spells: 0/6 levels left

rFire   . . .      SeeInvis .      - Unarmed
rCold   . . .      Faith    .    (shield currently unavailable)
rNeg    . . .      Spirit   .    (helmet currently unavailable)
rPois   x          Reflect  .    k - amulet of the acrobat {get rid of later}
rElec   .          Harm     .    f - ring of wizardry
rCorr   .          Rampage  .    (no ring)
Will    .....                    (no ring)
Stlth   ++........               (no ring)
HPRegen 0.07/turn                (no ring)
MPRegen 0.10/turn                (no ring)
                                 (no ring)
                                 (no ring)

@: spider-form (expiring)
A: venomous fangs, almost no armour, (amphibious), 8 rings, tiny, (camouflage
1), (gelatinous body 1), (nimble swimmer 1), (tentacles)
a: End Transformation


You were on level 2 of the Dungeon.
You were a venomous arachnid creature.
You visited 1 branch of the dungeon, and saw 2 of its levels.

You collected 35 gold pieces.

Inventory:

Jewellery
 f - a ring of wizardry (left front leg)
 k - an amulet of the acrobat (around neck) {get rid of later}
Scrolls
 d - a scroll of teleportation
 h - a scroll of brand weapon
Potions
 a - 2 potions of lignification
 b - 2 potions of attraction {unknown}
 c - 2 potions of might {unknown}
 e - a potion of mutation {unknown}
 g - a potion of heal wounds {unknown}
 j - a potion of magic {unknown}


   Skills:
 - Level 1.0 Fighting
 - Level 2.0 Dodging
 - Level 4.0 Unarmed Combat
 + Level 2.2 Spellcasting
 + Level 2.3 Transmutations
 * Level 1.3 Poison Magic


You couldn't memorise any spells.
You knew the following spells:

 Your Spells              Type           Power      Damage    Failure   Level
a - Beastly Appendage     Tmut           18%        N/A       9%          1
b - Wereblood             Tmut           9%         N/A       11%         2
c - Spider Form           Tmut/Pois      8%         N/A       21%         3

Your spell library contained the following spells:

 Spells                   Type           Power      Damage    Failure   Level
 Ice Form                 Ice/Tmut       5%         N/A       58%         4


Dungeon Overview and Level Annotations

Branches:
Dungeon (2/15)

Altars:


Innate Abilities, Weirdness & Mutations

You are a venomous arachnid creature.
You have poisonous fangs.
You are tiny and dextrous.
Your spellcasting is less reliable in this form.
Your armour is entirely melded.
You are incapable of wielding weapons or throwing items.
You cannot wear most types of armour.
((You are amphibious.))
You can wear up to eight rings at the same time.
((Your skin changes colour to match your surroundings (Stealth+).))
((Your rubbery body absorbs attacks. (AC +1, EV +1)))
((You are camouflaged when in or above water. (Stealth+)))
((You have tentacles for arms and can constrict up to eight enemies at once.))


Message History

You turn into a venomous arachnid creature.
Unknown command.
You hit the gnoll.
The gnoll is poisoned.
The gnoll is moderately wounded.
The gnoll hits you with a +0 whip.
You hit the gnoll.
The gnoll is moderately wounded.
The gnoll barely misses you.
You barely miss the gnoll.
The gnoll is heavily wounded.
The gnoll hits you with a +0 whip.
Unknown command.
You completely miss the gnoll.
The gnoll is heavily wounded.
You hit the gnoll but do no damage.
The gnoll looks even sicker.
The gnoll is severely wounded.
Your transformation is almost over.
The gnoll hits you with a +0 whip.
You hit the gnoll but do no damage.
The gnoll looks as sick as possible!
The gnoll is severely wounded.
You kill the gnoll!
A gnoll comes into view. It is wielding a +0 spear.
You see here a +0 whip.
A gnoll is nearby!
A gnoll comes into view. It is wielding a +0 spear.
The gnoll barely misses you.
The gnoll shouts!
You hit the gnoll but do no damage.
You hear a shout!
The gnoll hits you with a +0 spear.
You hit the gnoll.
The gnoll is poisoned.
The gnoll is heavily wounded.
A gnoll comes into view. It is wielding a +0 spear.
The gnoll barely misses you. The gnoll closely misses you.
You barely miss the gnoll.
The gnoll is severely wounded.
The gnoll hits you with a +0 spear.
* * * LOW HITPOINT WARNING * * *
The gnoll hits you from afar with a +0 spear!
You die...

,,,,******,* #..........#
,,,,,,,***,* #..........#
,,,,**,,**,*** #..........#
*******,**<,,* #.##..######
*,***#,** #.##..# ****
*,,###.,###.##..#
,,,*****,.....#...##..#
,,,,,,,,,....ggg......##
,,,******####.##s......# ,,,*
#,*#)####..#* >,,*** *,*#.#*
*,..#** *,,,,*
*,,#..***,*..,******* **,,,*
**,##..,,,,,.,,<,,,,, ***,,**
*,,,..#*,***,,,,,,,,
,,,,,,******
****#.#*,***,,,,,,,,
**,,,,,,,,,**** *.#*,,**,,,,,,,,
*,,,*****,,,,****..,,,**********


You could see 3 gnolls.

Vanquished Creatures
  A gnoll (D:2)
  An adder (D:2)
  A worm (D:2)
  2 endoplasms
  4 giant cockroaches
  3 goblins
  3 hobgoblins
  3 jackals (D:1)
  A quokka (D:2)
  2 ball pythons (D:1)
  4 frilled lizards (D:1)
  2 kobolds (D:1)
  A rat (D:1)
28 creatures vanquished.

Notes
Turn   | Place    | Note
-------+----------+-------------------------------------------
     0 | D:1      | ytrimaz the Octopode Transmuter began the quest for the
                  | Orb.
     0 | D:1      | Reached XP level 1. HP: 13/13 MP: 3/3
   278 | D:1      | Reached XP level 2. HP: 16/18 MP: 3/5
   865 | D:2      | Reached skill level 4 in Unarmed Combat
   878 | D:2      | Reached XP level 3. HP: 7/23 MP: 3/6
   881 | D:2      | Learned a level 2 spell: Wereblood
   885 | D:2      | Learned a level 3 spell: Spider Form
  1159 | D:2      | Found a faded altar of an unknown god.
  1257 | D:2      | Reached skill level 1 in Poison Magic
  1361 | D:2      | Slain by a gnoll

Illustrated notes

Levels and vault maps discovered:
D:1:      ebering_hopf_link, layout_loops_cross
D:2:      layout_rooms, ebering_ecumenical_altar_mist

Skill      XL: |  1  2  3 |
---------------+----------+-----
Unarmed Combat | 4 |  4.0
Poison Magic   | 1 |  1.3
Fighting       | |  1.0
Dodging        | |  2.0
Spellcasting   | |  2.2
Transmutations | |  2.3

Action                   || total
-------------------------++-------
Melee: Unarmed           ||    73
       Constrict         ||    14
       Kick              ||    15
       Tentacles         ||     7
       Punch             ||     1
 Cast: Beastly Appendage ||    17
       Spider Form       ||     1
  Use: Scroll            ||     3
 Stab: Sleeping          ||     5
Armor: Skin              ||     3
Dodge: Dodged            ||    44

Table legend: (Time is in decaauts)
 A = Elapsed time spent in this place.
 B = Non-inter-level travel time spent in this place.
 C = Inter-level travel time spent in this place.
 D = Time resting spent in this place.
 E = Time spent auto-exploring this place.
 F = Levels seen in this place.
 G = Mean time per level.
                   A        B        C        D        E       F      G
               +--------+--------+--------+--------+--------+-----+--------+
         Total |   1354 |   1307 |     47 |      0 |   1059 |   2 |  677.0 |
       Dungeon |   1354 |   1307 |     47 |      0 |   1059 |   2 |  677.0 |
               +--------+--------+--------+--------+--------+-----+--------+

Top non-repeatable levels by time:
     D:1: 848 daAuts
     D:2: 506 daAuts
